| TOP OF THE 1ST |
|
Chicago White Sox batting - Pitching for Detroit Tigers : LHP Dave McNally
|
|
Pitching: LHP Dave McNally
|
|
|
Batting: RHB Steve Henderson
|
0-0: Fly out, F9 (Flyball, 89M, EV 92.5 MPH)
|
|
Batting: SHB Ozzie Smith
|
0-0: Ground out 6-3 (Groundball, 6, EV 91.3 MPH)
|
|
Batting: RHB Mike Heath
|
0-0: Foul Ball, location: 2F 0-1: Ball 1-1: Foul Ball, location: 2F 1-2: Ball 2-2: SINGLE (Popup, 6D, EV 50.6 MPH)
|
|
Batting: LHB Mitchell Page
|
0-0: Ball 1-0: Ball 2-0: Called Strike 2-1: Foul Ball, location: 2F 2-2: Strikes out swinging
|
| Top of the 1st over - 0 runs, 1 hit, 0 errors, 1 left on base; Chicago 0 - Detroit 0 |
| BOTTOM OF THE 1ST |
|
Detroit Tigers batting - Pitching for Chicago White Sox : LHP Douglas Nelson
|
|
Pitching: LHP Douglas Nelson
|
|
|
Batting: RHB Tack Wilson
|
0-0: Foul Ball, location: 2F 0-1: Ball 1-1: Ball 2-1: Swinging Strike 2-2: Ball 3-2: Ground out U3 (Groundball, 34S, EV 81.3 MPH)
|
|
Batting: RHB Jose Hidalgo
|
0-0: SINGLE (Groundball, 4MD, EV 97.5 MPH)
|
|
Batting: SHB Tony Phillips
|
0-0: Ball 1-0: Called Strike 1-1: Ball 2-1: Ball 3-1: Foul Ball, location: 2F 3-2: Fly out, F5 (Popup, 5SF, EV 63.8 MPH)
|
|
Batting: RHB Dave Kingman
|
0-0: Called Strike 0-1: Foul Ball, location: 2F 0-2: Ball 1-2: Ball 2-2: Foul Ball, location: 2F 2-2: Ball 3-2: Foul Ball, location: 2F 3-2: Base on Balls Jose Hidalgo to second
|
|
Batting: RHB Larry Parrish
|
0-0: Ball 1-0: Ball 2-0: Called Strike 2-1: DOUBLE (Line Drive, 89M, EV 111.9 MPH) Jose Hidalgo scores Dave Kingman to third Runner from 3rd tries for Home, SAFE, no throw by CF
|
|
Batting: RHB Andre Thornton
|
0-0: SINGLE (Line Drive, 7S, EV 106.9 MPH) Larry Parrish to third Runner from 3rd tries for Home, SAFE, throw by LF to home
|
|
Batting: SHB Lee Mazzilli
|
0-0: Foul Ball, location: 2F 0-1: Ball 1-1: Foul Ball, location: 2F 1-2: Fly out, F3 (Popup, 34S, EV 87.5 MPH)
|
| Bottom of the 1st over - 3 runs, 3 hits, 0 errors, 1 left on base; Chicago 0 - Detroit 3 |
| TOP OF THE 2ND |
|
Chicago White Sox batting - Pitching for Detroit Tigers : LHP Dave McNally
|
|
Batting: RHB Kevin McReynolds
|
0-0: Foul Ball, location: 2F 0-1: Foul Ball, location: 2F 0-2: Foul Ball, location: 2F 0-2: Ball 1-2: Foul Ball, location: 2F 1-2: Foul Ball, location: 2F 1-2: Foul Ball, location: 2F 1-2: Ball 2-2: SINGLE (Line Drive, 9S, EV 106.3 MPH)
|
|
Batting: RHB Tim Teufel
|
0-0: Foul Ball, location: 2F 0-1: Called Strike 0-2: Foul Ball, location: 2F 0-2: Grounds into double play, 6-4-3 (Groundball, 6, EV 106.3 MPH)
|
|
Batting: SHB Dwayne Taggart
|
0-0: DOUBLE (Line Drive, 7LM, EV 103.8 MPH)
|
|
Batting: RHB Brian Harper
|
0-0: Foul Ball, location: 2F 0-1: Ground out 5-3 (Groundball, 56, EV 110.6 MPH)
|
| Top of the 2nd over - 0 runs, 2 hits, 0 errors, 1 left on base; Chicago 0 - Detroit 3 |
| BOTTOM OF THE 2ND |
|
Detroit Tigers batting - Pitching for Chicago White Sox : LHP Douglas Nelson
|
|
Batting: RHB Al Cowens
|
0-0: Ground out 5-3 (Groundball, 56, EV 86.9 MPH)
|
|
Batting: RHB Keith Moreland
|
0-0: Called Strike 0-1: Ground out 6-3 (Groundball, 6M, EV 83.1 MPH)
|
|
Batting: RHB Tack Wilson
|
0-0: Called Strike 0-1: Foul Ball, location: 2F 0-2: Fly out, F3 (Popup, 23F, EV 85.0 MPH)
|
| Bottom of the 2nd over - 0 runs, 0 hits, 0 errors, 0 left on base; Chicago 0 - Detroit 3 |
| TOP OF THE 3RD |
|
Chicago White Sox batting - Pitching for Detroit Tigers : LHP Dave McNally
|
|
Batting: LHB Ryan MacFarland
|
0-0: Ball 1-0: Ball 2-0: Ball 3-0: Called Strike 3-1: Fly out, F9 (Line Drive, 9, EV 91.9 MPH)
|
|
Batting: RHB Steve Henderson
|
0-0: Ball 1-0: Ball 2-0: Called Strike 2-1: Foul Ball, location: 2F 2-2: Fly out, F9 (Line Drive, 9, EV 96.3 MPH)
|
|
Batting: SHB Ozzie Smith
|
0-0: DOUBLE (Groundball, 5L, EV 103.8 MPH)
|
|
Batting: RHB Mike Heath
|
0-0: Ball 1-0: Fly out, F8 (Flyball, 8RD, EV 100.6 MPH)
|
| Top of the 3rd over - 0 runs, 1 hit, 0 errors, 1 left on base; Chicago 0 - Detroit 3 |
| BOTTOM OF THE 3RD |
|
Detroit Tigers batting - Pitching for Chicago White Sox : LHP Douglas Nelson
|
|
Batting: RHB Jose Hidalgo
|
0-0: Ball 1-0: Foul Ball, location: 2F 1-1: Foul Ball, location: 2F 1-2: Foul Ball, location: 2F 1-2: Foul Ball, location: 2F 1-2: Ground out 1-3 (Groundball, 13S, EV 71.3 MPH)
|
|
Batting: SHB Tony Phillips
|
0-0: Ball 1-0: Foul Ball, location: 2F 1-1: Ball 2-1: Ball 3-1: Called Strike 3-2: Ground out 6-3 (Groundball, 56D, EV 86.3 MPH)
|
|
Batting: RHB Dave Kingman
|
0-0: Fly out, F8 (Flyball, 8LD, EV 90.6 MPH)
|
| Bottom of the 3rd over - 0 runs, 0 hits, 0 errors, 0 left on base; Chicago 0 - Detroit 3 |
| TOP OF THE 4TH |
|
Chicago White Sox batting - Pitching for Detroit Tigers : LHP Dave McNally
|
|
Batting: LHB Mitchell Page
|
0-0: Ball 1-0: Foul Ball, location: 2F 1-1: Ball 2-1: Foul Ball, location: 2F 2-2: Ball 3-2: Ground out 4-3 (Groundball, 34D, EV 103.8 MPH)
|
|
Batting: RHB Kevin McReynolds
|
0-0: Ball 1-0: Ground out 4-3 (Groundball, 4M, EV 105.0 MPH)
|
|
Batting: RHB Tim Teufel
|
0-0: DOUBLE (Line Drive, 8LXD, EV 106.9 MPH)
|
|
Batting: SHB Dwayne Taggart
|
0-0: Ball 1-0: Called Strike 1-1: Fly out, F9 (Flyball, 89M, EV 82.5 MPH)
|
| Top of the 4th over - 0 runs, 1 hit, 0 errors, 1 left on base; Chicago 0 - Detroit 3 |
| BOTTOM OF THE 4TH |
|
Detroit Tigers batting - Pitching for Chicago White Sox : LHP Douglas Nelson
|
|
Batting: RHB Larry Parrish
|
0-0: Fly out, F7 (Flyball, 78D, EV 97.5 MPH)
|
|
Batting: RHB Andre Thornton
|
0-0: Swinging Strike 0-1: Ball 1-1: Called Strike 1-2: Ball 2-2: Foul Ball, location: 2F 2-2: SINGLE (Groundball, 34D, EV 105.6 MPH)
|
|
Batting: SHB Lee Mazzilli
|
0-0: Called Strike 0-1: Foul Ball, location: 2F 0-2: Strikes out swinging
|
|
Batting: RHB Al Cowens
|
0-0: Ball 1-0: Called Strike 1-1: Ball 2-1: Ball 3-1: Swinging Strike 3-2: Fly out, F4 (Flyball, 34D, EV 90.0 MPH)
|
| Bottom of the 4th over - 0 runs, 1 hit, 0 errors, 1 left on base; Chicago 0 - Detroit 3 |
| TOP OF THE 5TH |
|
Chicago White Sox batting - Pitching for Detroit Tigers : LHP Dave McNally
|
|
Batting: RHB Brian Harper
|
0-0: Swinging Strike 0-1: Ball 1-1: SINGLE (Groundball, 6MD, EV 100.6 MPH)
|
|
Batting: LHB Ryan MacFarland
|
0-0: Called Strike 0-1: Ball 1-1: Foul Ball, location: 2F 1-2: Ball 2-2: SINGLE (Groundball, 4MD, EV 97.5 MPH) Brian Harper to second Runner from 2nd tries for 3rd, SAFE, no throw by CF
|
|
Batting: RHB Steve Henderson
|
0-0: Ball 1-0: Ball 2-0: DOUBLE (Line Drive, 9LS, EV 95.6 MPH) Brian Harper scores Ryan MacFarland to third Runner from 3rd tries for Home, SAFE, throw by RF to trailing runner, OUT at third! 9-3-5
|
|
Batting: SHB Ozzie Smith
|
0-0: Called Strike 0-1: Ball 1-1: SINGLE (Line Drive, 8LS, EV 99.4 MPH)
|
|
Batting: RHB Mike Heath
|
0-0: Called Strike 0-1: Ball 1-1: DOUBLE (Line Drive, 78M, EV 89.4 MPH) Ozzie Smith to third Runner from 3rd tries for Home, SAFE, throw by CF to trailing runner, OUT at third! 8-3-5
|
|
Batting: LHB Mitchell Page
|
0-0: Ball 1-0: Ball 2-0: Called Strike 2-1: Called Strike 2-2: Foul Ball, location: 2F 2-2: Foul Ball, location: 2F 2-2: SINGLE (Groundball, 25, EV 68.8 MPH) (infield hit)
|
|
Batting: RHB Kevin McReynolds
|
0-0: Ball 1-0: Called Strike 1-1: Ball 2-1: Ball 3-1: Called Strike Mitchell Page is caught stealing 2nd base 2-4
|
| Top of the 5th over - 3 runs, 6 hits, 0 errors, 0 left on base; Chicago 3 - Detroit 3 |
| BOTTOM OF THE 5TH |
|
Detroit Tigers batting - Pitching for Chicago White Sox : LHP Douglas Nelson
|
|
Batting: RHB Keith Moreland
|
0-0: Called Strike 0-1: Ball 1-1: Ball 2-1: Swinging Strike 2-2: Ball 3-2: Ground out 5-3 (Groundball, 56S, EV 83.1 MPH)
|
|
Batting: RHB Tack Wilson
|
0-0: Ball 1-0: Ball 2-0: SINGLE (Groundball, 34D, EV 101.3 MPH)
|
|
Batting: RHB Jose Hidalgo
|
0-0: Ball 1-0: DOUBLE (Line Drive, 7LS, EV 110.0 MPH) Tack Wilson to third Runner from 3rd tries for Home, SAFE, no throw by LF
|
|
Batting: SHB Tony Phillips
|
0-0: Foul Ball, location: 2F 0-1: Ball 1-1: Ground out 1-3 (Groundball, 15, EV 68.1 MPH)
|
|
Batting: RHB Dave Kingman
|
0-0: Swinging Strike 0-1: Ball 1-1: SINGLE (Flyball, 6MD, EV 93.1 MPH) Jose Hidalgo to third Runner from 3rd tries for Home, SAFE, throw by CF to home
|
|
Pitching: LHP Jerry O'Neill
|
|
|
Batting: RHB Larry Parrish
|
0-0: Ground out 4-3 (Groundball, 34, EV 90.6 MPH)
|
| Bottom of the 5th over - 2 runs, 3 hits, 0 errors, 1 left on base; Chicago 3 - Detroit 5 |
| TOP OF THE 6TH |
|
Chicago White Sox batting - Pitching for Detroit Tigers : LHP Dave McNally
|
|
Batting: RHB Kevin McReynolds
|
0-0: Called Strike 0-1: Called Strike 0-2: Ball 1-2: Ball 2-2: Fly out, F7 (Line Drive, 7, EV 86.9 MPH)
|
|
Batting: RHB Tim Teufel
|
0-0: Ball 1-0: Ball 2-0: Foul Ball, location: 2F 2-1: Ball 3-1: Foul Ball, location: 2F 3-2: Ground out U3 (Groundball, 3S, EV 86.9 MPH)
|
|
Batting: SHB Dwayne Taggart
|
0-0: Ball 1-0: Ground out 5-3 (Groundball, 5L, EV 88.1 MPH)
|
| Top of the 6th over - 0 runs, 0 hits, 0 errors, 0 left on base; Chicago 3 - Detroit 5 |
| BOTTOM OF THE 6TH |
|
Detroit Tigers batting - Pitching for Chicago White Sox : LHP Jerry O'Neill
|
|
Batting: RHB Andre Thornton
|
0-0: Called Strike 0-1: Foul Ball, location: 2F 0-2: Foul Ball, location: 2F 0-2: Foul Ball, location: 2F 0-2: Ball 1-2: Ball 2-2: Fly out, F4 (Flyball, 4D, EV 92.5 MPH)
|
|
Batting: SHB Lee Mazzilli
|
0-0: Swinging Strike 0-1: Ball 1-1: Fly out, F6 (Popup, 4MD, EV 70.0 MPH)
|
|
Batting: RHB Al Cowens
|
0-0: Called Strike 0-1: Ball 1-1: Fly out, F8 (Flyball, 8RS, EV 84.4 MPH)
|
| Bottom of the 6th over - 0 runs, 0 hits, 0 errors, 0 left on base; Chicago 3 - Detroit 5 |
| TOP OF THE 7TH |
|
Chicago White Sox batting - Pitching for Detroit Tigers : LHP Dave McNally
|
|
Pitching: RHP Santo Alcala
|
|
|
Batting: RHB Brian Harper
|
0-0: Fly out, F4 (Line Drive, 4, EV 71.3 MPH)
|
|
Batting: LHB Ryan MacFarland
|
0-0: Fly out, F9 (Flyball, 9, EV 94.4 MPH)
|
|
Batting: RHB Steve Henderson
|
0-0: Swinging Strike 0-1: Ball 1-1: Fly out, F8 (Flyball, 8LM, EV 83.8 MPH)
|
| Top of the 7th over - 0 runs, 0 hits, 0 errors, 0 left on base; Chicago 3 - Detroit 5 |
| BOTTOM OF THE 7TH |
|
Detroit Tigers batting - Pitching for Chicago White Sox : LHP Jerry O'Neill
|
|
Batting: RHB Keith Moreland
|
0-0: Swinging Strike 0-1: Swinging Strike 0-2: Ball 1-2: Strikes out swinging
|
|
Batting: RHB Tack Wilson
|
0-0: Called Strike 0-1: Fly out, F8 (Line Drive, 8LM, EV 107.5 MPH)
|
|
Batting: RHB Jose Hidalgo
|
0-0: Ball 1-0: SINGLE (Flyball, 8LS, EV 89.4 MPH)
|
|
Batting: SHB Tony Phillips
|
0-0: Ball Jose Hidalgo is caught stealing 2nd base 2-4
|
| Bottom of the 7th over - 0 runs, 1 hit, 0 errors, 0 left on base; Chicago 3 - Detroit 5 |
| TOP OF THE 8TH |
|
Chicago White Sox batting - Pitching for Detroit Tigers : RHP Santo Alcala
|
|
Batting: SHB Ozzie Smith
|
0-0: Foul Ball, location: 2F 0-1: Called Strike 0-2: Foul Ball, location: 2F 0-2: Ball 1-2: Foul Ball, location: 2F 1-2: Ball 2-2: Ground out 4-3 (Groundball, 4MD, EV 82.5 MPH)
|
|
Batting: RHB Mike Heath
|
0-0: Ball 1-0: Ground out 6-3 (Groundball, 6, EV 81.3 MPH)
|
|
Batting: LHB Mitchell Page
|
0-0: Foul Ball, location: 2F 0-1: Swinging Strike 0-2: Strikes out looking
|
| Top of the 8th over - 0 runs, 0 hits, 0 errors, 0 left on base; Chicago 3 - Detroit 5 |
| BOTTOM OF THE 8TH |
|
Detroit Tigers batting - Pitching for Chicago White Sox : LHP Jerry O'Neill
|
|
Batting: SHB Tony Phillips
|
0-0: Ball 1-0: Ball 2-0: Called Strike 2-1: Foul Ball, location: 2F 2-2: Ball 3-2: Foul Ball, location: 2F 3-2: Foul Ball, location: 2F 3-2: Foul Ball, location: 2F 3-2: Base on Balls
|
|
Batting: RHB Dave Kingman
|
0-0: Ball 1-0: Ball 2-0: Called Strike 2-1: Ball 3-1: Foul Ball, location: 2F 3-2: Strikes out swinging
|
|
Batting: RHB Larry Parrish
|
0-0: Ball 1-0: Ball 2-0: 2-RUN HOME RUN (Flyball, 78XD, EV 106.9 MPH), Distance : 426 ft
|
|
Batting: RHB Andre Thornton
|
0-0: Ball 1-0: Ball 2-0: Ball 3-0: Base on Balls
|
|
Pitching: RHP Win Remmerswaal
|
|
|
Batting: SHB Lee Mazzilli
|
0-0: Called Strike 0-1: Ball 1-1: Swinging Strike 1-2: Ball 2-2: Ball 3-2: Fielders Choice at 2nd, 3-6 (Groundball, 34, EV 95.0 MPH)
|
|
Batting: RHB Al Cowens
|
0-0: Ball 1-0: Ball 2-0: Ball 3-0: Called Strike 3-1: Foul Ball, location: 2F 3-2: Strikes out swinging
|
| Bottom of the 8th over - 2 runs, 1 hit, 0 errors, 1 left on base; Chicago 3 - Detroit 7 |
| TOP OF THE 9TH |
|
Chicago White Sox batting - Pitching for Detroit Tigers : RHP Santo Alcala
|
|
Batting: RHB Kevin McReynolds
|
0-0: Ball 1-0: Swinging Strike 1-1: Foul Ball, location: 2F 1-2: Ball 2-2: Ball 3-2: Ground out 5-3 (Groundball, 56, EV 83.8 MPH)
|
|
Batting: RHB Tim Teufel
|
0-0: Fly out, F7 (Flyball, 7, EV 88.8 MPH)
|
|
Batting: SHB Dwayne Taggart
|
0-0: SINGLE (Groundball, 34S, EV 70.6 MPH) (infield hit)
|
|
Batting: RHB Brian Harper
|
0-0: Ground out 1-3 (Groundball, P, EV 69.4 MPH)
|
| Top of the 9th over - 0 runs, 1 hit, 0 errors, 1 left on base; Chicago 3 - Detroit 7 |
|